Map: Prion Terraces

Players

Miszu

  • Race: Terran Terran
  • League: Master

LUMPY - Winner!

  • Race: Terran Terran
  • League: Master

VOD

Have the link to the VOD?

Description

Time

  • Played on: March 12, 2016, 4:21 p.m.
  • Length: 3:12
Show
View Real Time Build Order
Export as new Build Order

Miszu Terran 

Build Orders:  

Get SALT Encoding   

  12  0:01  SCV  
  13  0:14  SCV  
  14  0:19  Supply Depot  
  14  0:26  SCV  
  15  0:41  Barracks, SCV  
  16  0:45  Refinery  
  16  0:53  SCV  
  17  1:05  SCV  
  18  1:17  SCV  
  19  1:29  Orbital Command  
  19  1:38  Barracks Reactor  
  19  1:41  Command Center  
  19  1:51  Supply Depot  
  19  1:55  SCV  
  20  2:07  SCV  
  21  2:10  Refinery  
  21  2:14  Marine x2  
  24  2:22  SCV  
  24  2:28  Factory  
  24  2:32  Marine x2  
  24  2:35  SCV  
  25  2:46  Bunker  
  25  2:47  SCV  
  25  2:50  Marine  
  24  2:59  SCV  
Show
View Real Time Build Order
Export as new Build Order

LUMPY Terran - Winner!

Build Orders:  

Get SALT Encoding   

  12  0:00  SCV  
  13  0:12  SCV  
  14  0:17  Supply Depot  
  14  0:24  SCV  
  15  0:40  Barracks  
  15  0:41  Refinery  
  15  0:55  Barracks  
  15  1:09  Barracks  
  15  1:18  Refinery  
  15  1:32  Supply Depot  
  15  1:36  Reaper  
  16  1:44  Reaper  
  17  1:56  Reaper  
  18  2:08  Reaper  
  19  2:16  Reaper  
  20  2:28  Reaper  
Tags
 
Add a new tag
Caveats
  • Supply blocks, unpowered buildings, or Contaminate may cause inaccurate times.
  • Supply counts are checked every 10 seconds.